cohdb
Replays
Latest Replays
All Replays
Popular Replays
Top Player Replays
Match Explorer
How It Works
Community
CoH3 Stats
Reddit
Sign in to upload your games and track your stats! →
Sign in with Steam
Match 41088030
Unlisted
Match 41088030
Overview
Messages
Build Orders
End
Royal Engineer Section
Selects Australian Defense Battlegroup
Selects Australian Light Infantry Section
Australian Light Infantry Section
Construct Section Command Post
Vickers Machine Gun Team
ML 3-inch Mortar Team
Construct Platoon Command Post
Unlock M3 Stuart Light Tanks
Selects 2-pounder Anti-tank Gun Team
CMP 15cwt Truck
2-pounder Anti-tank Gun Team
Infantry Section
M3 Stuart Light Tank
Selects Hold the Line!
Construct Company Command Post
Matilda II Heavy Tank
Dnarts
阿噹噹
MUSASHI蛤
Banan
MuniekPL
|-J5D-| MAREK POLSKA
Papa Shango
Husar
0
0
Comments
sign in to comment!
No comments posted yet!